 Dungeon Crawl Stone Soup version 0.31-a0-1611-g890cdf5628 (webtiles) character file.

Game seed: 10165874898465874093

3 jlumianski the Ruffian (level 1, 0/17 HPs)
             Began as a Gnoll Shapeshifter on Jan 9, 2024.
             Slain by a kobold
             ... wielding a +2 whip of electrocution
              (13 damage)
             ... on level 1 of the Dungeon.
             The game lasted 00:00:30 (121 turns).

jlumianski the Ruffian (Gnoll Shapeshifter)          Turns: 121, Time: 00:00:31

Health: 0/17       AC:  2    Str: 13    XL:     1   Next: 50%
Magic:  1/1        EV: 18    Int:  9    God:
Gold:   23         SH:  0    Dex: 11    Spells: 0/0 levels left

rFire   . .          .
                       - Unarmed
rCold   . . .        (no shield)
rNeg    . . .        a - +0 animal skin
rPois   .            (helmet currently unavailable)
rElec   .            (cloak currently unavailable)
rCorr   .            (gloves currently unavailable)
SInv    .            (boots currently unavailable)
Will    .....        (no amulet)
Stlth   +            g - +5 ring of evasion
HPRegen 0.22/turn    (no ring)
MPRegen 0.07/turn

%: no passive effects
@: beast-form
A: beast (slay +3), fangs 1, strong nose, distributed training
a: Begin Untransformation


You were on level 1 of the Dungeon.
You were a hulking beast.
You visited 1 branch of the dungeon, and saw 1 of its levels.

You collected 23 gold pieces.

Inventory:

Missiles
 e - 3 boomerangs (quivered)
Armour
 a - a +0 animal skin (worn)
Jewellery
 g - a +5 ring of evasion (left hand)
Talismans
 c - a beast talisman
 d - a flux talisman
Scrolls
 f - a scroll of identify {unknown}
Potions
 b - a potion of lignification
 h - a potion of brilliance {unknown}


   Skills:
 + Level 2.3 Fighting
 + Level 0.0 Short Blades
 + Level 0.0 Long Blades
 + Level 0.0 Axes
 + Level 0.0 Maces & Flails
 + Level 0.0 Polearms
 + Level 0.0 Staves
 + Level 0.0 Ranged Weapons
 + Level 0.0 Throwing
 + Level 0.0 Armour
 + Level 4.4 Dodging
 + Level 0.0 Stealth
 + Level 0.0 Shields
 + Level 6.4 Unarmed Combat
 + Level 0.0 Spellcasting
 + Level 0.0 Conjurations
 + Level 0.0 Hexes
 + Level 0.0 Summonings
 + Level 0.0 Necromancy
 + Level 0.0 Translocations
 + Level 0.0 Fire Magic
 + Level 0.0 Ice Magic
 + Level 0.0 Air Magic
 + Level 0.0 Earth Magic
 + Level 0.0 Alchemy
 + Level 0.1 Invocations
 + Level 0.0 Evocations
 + Level 6.4 Shapeshifting


You couldn't memorise any spells.
You didn't know any spells.
Your spell library was empty.

Dungeon Overview and Level Annotations

Branches:
Dungeon (1/15)

Altars:


Innate Abilities, Weirdness & Mutations

You are a hulking beast.
Your limbs bulge with bestial killing power. (Slay +3)
You have very sharp teeth.
Your uncanny sense of smell can sniff out nearby items.
Your experience applies equally to all skills.


Message History

A rat comes into view.
Found a spear and a fizzy grey potion.
The rat squeaks loudly.
Found a scroll labelled NUHICI ZIUN.
Found a runed diamond ring.
You see here 3 boomerangs.
e - 3 boomerangs Throw: 3 boomerangs
Press: ? - help, Q - select action Shift-Dir - straight line, f - rat
Aim: a rat (59% to hit)
You throw a boomerang. The boomerang hits the rat.
You kill the rat!
f - a scroll labelled NUHICI ZIUN
g - a +5 ring of evasion
g - a +5 ring of evasion (left hand)
A rat comes into view.
The rat squeaks loudly.
The rat barely misses you.
You barely miss the rat. You bite the rat, but do no damage.
The rat closely misses you.
You closely miss the rat. The rat bites you.
You punch the rat!
You kill the rat!
No target in view!
HP restored.
A frilled lizard comes into view.
A frilled lizard is nearby!
You punch the frilled lizard!
You kill the frilled lizard!
No target in view!
Found 7 stones.
No target in view!
You now have 23 gold pieces (gained 8).
h - a pink potion A kobold comes into view.
It is wielding a +2 whip of electrocution.
The kobold shouts!
The kobold hits you with a +2 whip of electrocution.
You are electrocuted!
Ouch! That really hurt!
You die...

#..# #..# #..#
#..# ##..#
#...## #..K.#
#..h.#
#.###..# #.#
#..# #^#.#
#..# #.#.#
#..# #.#.#
#..#
#.#.####.#
#####....###.#
∆
.............#


You could see a kobold.

Vanquished Creatures
  An endoplasm (D:1)
  A frilled lizard (D:1)
  2 rats (D:1)
4 creatures vanquished.

Notes
Turn   | Place    | Note
-------+----------+-------------------------------------------
     0 | D:1      | jlumianski the Gnoll Shapeshifter began the quest for the
                  | Orb.
     0 | D:1      | Reached XP level 1. HP: 17/17 MP: 1/1
   121 | D:1      | Slain by a kobold

Illustrated notes

Levels and vault maps discovered:
D:1:      minmay_arrival_three_doors, layout_loops_ring, nrook_campfire

Action                     || total
---------------------------++-------
  Melee: Unarmed           ||     7
         Bite              ||     2
  Throw: Boomerang         ||     1
 Armour: Animal skin       ||     3
  Dodge: Dodged            ||     2

Table legend: (Time is in decaauts)
 A = Elapsed time spent in this place.
 B = Non-inter-level travel time spent in this place.
 C = Inter-level travel time spent in this place.
 D = Time resting spent in this place.
 E = Time spent auto-exploring this place.
 F = Levels seen in this place.
 G = Mean time per level.
                   A        B        C        D        E       F      G
               +--------+--------+--------+--------+--------+-----+--------+
         Total |    120 |    120 |      0 |      0 |     71 |   1 |  120.0 |
       Dungeon |    120 |    120 |      0 |      0 |     71 |   1 |  120.0 |
               +--------+--------+--------+--------+--------+-----+--------+

Top non-repeatable levels by time:
     D:1: 120 daAuts
